 Dungeon Crawl Stone Soup version 0.31-a0-234-gad7ace16ef (webtiles) character file.

Game seed: 15662851107717914476

1257 Nattfarinn the Stinger (level 8, 0/78 HPs)
             Began as a Demonspawn Venom Mage on July 10, 2023.
             Succumbed to a water moccasin's poison
             ... on level 7 of the Dungeon.
             The game lasted 00:10:50 (5415 turns).

Nattfarinn the Stinger (Demonspawn Venom Mage)      Turns: 5415, Time: 00:10:51

Health: 0/78       AC:  5    Str:  8    XL:     8   Next: 27%
Magic:  10/16      EV: 12    Int: 18    God:
Gold:   339        SH:  0    Dex: 17    Spells: 9/18 levels left

rFire   + . .        u - +8 hand axe of the Ecumenical Temple {freeze, rElec rF+ Will+}
rCold   . . .        (no shield)
rNeg    . . .        a - +0 robe
rPois   .            w - +0 helmet
rElec   +            (no cloak)
rCorr   .            k - +0 pair of gloves
SInv    .            (no boots)
Will    +....        (no amulet) Stlth
                     f - ring of flight
HPRegen 0.33/turn    (no ring)
MPRegen 0.15/turn

%: no passive effects
@: berserking (expiring), lethally poisoned (0 -> -4), flying, hasted, very
quick
A: powered by death 1, sharp scales 1, demonic magic 1, weakness stinger 2,
agile 1
a: no special abilities


You were on level 7 of the Dungeon.
You visited 1 branch of the dungeon, and saw 7 of its levels.

You collected 339 gold pieces.

Inventory:

Hand Weapons
 d - a +0 quick blade of freezing
 h - a +0 spear of venom
 l - a +2 dagger of electrocution
 u - the +8 hand axe of the Ecumenical Temple (weapon) {freeze, rElec rF+ Will+}
   (You found it on level 5 of the Dungeon)

   rF:        It protects you from fire.
   rElec:     It insulates you from electricity.
   Will:      It increases your willpower.
Missiles
 g - 2 javelins
 t - a throwing net
Armour
 a - a +0 robe (worn)
 k - a +0 pair of gloves (worn)
 w - a +0 helmet (worn)
Jewellery
 f - a ring of flight (left hand)
Scrolls
 e - a scroll of fear
 i - 3 scrolls of fog
 p - 4 scrolls of poison
 r - 2 scrolls of immolation {unknown}
 s - a scroll of amnesia {unknown}
 v - a scroll of enchant weapon {unknown}
 y - 2 scrolls of identify
Potions
 b - a potion of magic
 c - 2 potions of attraction
 j - a potion of haste
 m - 2 potions of mutation
 o - a potion of brilliance {unknown}
 q - a potion of curing {unknown}
 x - a potion of cancellation {unknown}


   Skills:
 - Level 1.7 Dodging
 - Level 1.7 Stealth
 + Level 5.6 Spellcasting
 - Level 0.8 Transmutations
 * Level 5.4 Air Magic
 - Level 6.1 Poison Magic


You had 9 spell levels left.
You knew the following spells:

 Your Spells              Type           Power      Damage    Failure   Level
a - Sting                 Tmut/Pois      68%        1d6       3%          1
b - Olgreb's Toxic Radia  Pois           27%        N/A       10%         4
c - Airstrike             Air            12%        2d(2-18)  13%         4

Your spell library contained the following spells:

 Spells                   Type           Power      Damage    Failure   Level
 Poisonous Vapours        Pois/Air       50%        N/A       1%          2
 Static Discharge         Conj/Air       28%        2-4/arc   6%          2
 Mephitic Cloud           Conj/Pois/Air  18%        N/A       8%          3
 Kiss of Death            Conj/Necr      20%        2d7       13%         1
 Lesser Beckoning         Tloc           10%        N/A       19%         2
 Confusing Touch          Hex            5%         N/A       36%         3
 Gell's Gravitas          Tloc           5%         N/A       36%         3
 Teleport Other           Tloc           5%         N/A       36%         3
 Summon Lightning Spire   Summ/Air       14%        N/A       38%         4
 Dispel Undead            Necr           5%         3d7       77%         4


Dungeon Overview and Level Annotations

Branches:
Dungeon (7/15)             Temple (0/1) D:6

Altars:
Xom

Shops:
D:2 [

Annotations:
D:6 1 runed translucent door, flinch's ghost, novice TeAE


Innate Abilities, Weirdness & Mutations

You regenerate a little health from kills.
You are partially covered in razor-sharp scales. (AC +1, Slay +1)
Spells you cast may paralyse adjacent enemies.
You have a tail ending in a sharp stinger.
You are agile. (Dex +4, Str/Int -1)


Message History

Aiming: Airstrike (quite dangerous; 14% risk of failure)
Press: ? - help, Dir - move target, f - water moccasin
Aim: a water moccasin (lightly wounded, empty space bonus: 7/8)
The air twists around and strikes the water moccasin!
The water moccasin is heavily wounded.
Malevolent energies surge around you.
You feel very sick. The water moccasin bites you.
* * * LOW HITPOINT WARNING * * *
The water moccasin bites you.
* * * LOW HITPOINT WARNING * * *
You slash the water moccasin! You freeze the water moccasin.
You tail-slap the water moccasin.
You kill the water moccasin!
* * * LOW HITPOINT WARNING * * *
You feel very sick.
It was a potion of mutation.
You feel extremely strange.
You feel agile.
* * * LOW HITPOINT WARNING * * *
You feel very sick.
Okay, then.
It was a potion of haste.
You feel yourself speed up.
* * * LOW HITPOINT WARNING * * *
You feel very sick.
It was a potion of berserk rage.
A red film seems to cover your vision as you go berserk!
You feel yourself moving faster!
You feel mighty!
* * * LOW HITPOINT WARNING * * *
You feel sick.
You are too berserk!
You feel a strong urge to attack something.
* * * LOW HITPOINT WARNING * * *
You feel sick.
You hear the slow hiss of a very distant avalanche of sand.
* * * LOW HITPOINT WARNING * * *
You feel sick.
You are too berserk!
You are too berserk!
You feel your anger nearly subside.
You die...

.............
######....... ##......
#################.....
#................)....
#.................#...
#.####.....###########..
#...............# #.
####.@...####.# .
#.:...# # #.....#
#.....# #.....# #.....#
#.....# #.....#


There were no monsters in sight!

Vanquished Creatures
  Grinder (D:4)
  2 water moccasins
  An ogre (D:5)
  An ice beast (D:6)
  A kobold brigand (D:7)
  4 wights (D:6)
  A jelly (D:4)
  3 hounds
  An iguana (D:6)
  A sleepcap (D:4)
  2 orc wizards (D:5)
  7 adders
  2 ufetubi
  A worm (D:4)
  4 dart slugs
  3 orcs (D:5)
  8 bats
  10 endoplasms
  2 giant cockroaches
  7 hobgoblins
  5 jackals
  4 quokkas
  3 ball pythons
  A frilled lizard (D:3)
  7 goblins
  14 kobolds
  5 rats
101 creatures vanquished.

Notes
Turn   | Place    | Note
-------+----------+-------------------------------------------
     0 | D:1      | Nattfarinn the Demonspawn Venom Mage began the quest for
                  | the Orb.
     0 | D:1      | Reached XP level 1. HP: 13/13 MP: 3/3
   126 | D:1      | Gained mutation: You regenerate a little health from kills.
                  | [demonic ancestry]
   126 | D:1      | Reached XP level 2. HP: 19/19 MP: 0/5
  1132 | D:2      | Reached XP level 3. HP: 24/24 MP: 6/6
  1236 | D:2      | Reached skill level 4 in Poison Magic
  1665 | D:2      | Found a faded altar of an unknown god.
  1874 | D:2      | Found Carghul's Antique Armour Emporium.
  2068 | D:3      | Gained mutation: Spells you cast may paralyse adjacent
                  | enemies. [demonic ancestry]
  2068 | D:3      | Reached XP level 4. HP: 26/30 MP: 6/8
  2702 | D:4      | Noticed Grinder
  2710 | D:4      | Killed Grinder
  2711 | D:4      | Reached skill level 5 in Poison Magic
  2711 | D:4      | Reached XP level 5. HP: 9/35 MP: 8/10
  2711 | D:4      | Gained mutation: You are partially covered in razor-sharp
                  | scales. (AC +1, Slay +1) [demonic ancestry]
  2711 | D:4      | Reached XP level 6. HP: 11/41 MP: 8/11
  2852 | D:4      | Learned a level 4 spell: Olgreb's Toxic Radiance
  2936 | D:4      | Reached skill level 6 in Poison Magic
  3318 | D:4      | Reached skill level 1 in Air Magic
  3748 | D:5      | Entered Level 5 of the Dungeon
  3836 | D:5      | Gained mutation: You have a small tail. [demonic ancestry]
  3836 | D:5      | Reached XP level 7. HP: 46/46 MP: 2/13
  4230 | D:5      | Identified the +8 hand axe of the Ecumenical Temple
                  | {freeze, rElec rF+ Will+}
  4462 | D:6      | Found a staircase to the Ecumenical Temple.
  4491 | D:6      | Found a runed translucent door.
  4491 | D:6      | Found a shimmering altar of Xom.
  4491 | D:6      | Noticed flinch's ghost (novice TeAE)
  4493 | D:6      | Noticed a +1 long sword of chaos
  4755 | D:6      | Reached skill level 5 in Spellcasting
  4968 | D:6      | Learned a level 4 spell: Airstrike
  5069 | D:6      | Gained mutation: You have a tail ending in a sharp stinger.
                  | [demonic ancestry]
  5069 | D:6      | Reached XP level 8. HP: 52/52 MP: 2/16
  5379 | D:7      | Reached skill level 5 in Air Magic
  5410 | D:7      | Gained mutation: You are agile. (Dex +4, Str/Int -1)
                  | [potion of mutation]
  5411 | D:7      | HP: 2/52 [poisoned by a water moccasin]
  5415 | D:7      | Succumbed to a water moccasin's poison

Illustrated notes

Levels and vault maps discovered:
D:1:      amcnicky_arrival_abandoned_market, layout_basic
D:2:      layout_loops_corners, serial_shops, shop,
          ebering_ecumenical_altar_hall, grunt_decor_junction
D:3:      layout_basic, nicolae_tso_carved_into_rock
D:4:      layout_basic, dk_noncrumbling_4, uniq_grinder
D:5:      layout_basic
D:6:      layout_loops_cross, minmay_temple_entry_glassed_door,
          ebering_ghost_xom
D:7:      layout_basic, lightli_ossuary_entry_decrepit_ruins

Skill      XL: |  1  2  3  4  5  6  7  8 |
---------------+-------------------------+-----
Poison Magic   | 4 5 6 |  6.1
Spellcasting   | 3 4 5 |  5.6
Air Magic      | 2 4 5 |  5.4
Dodging        | |  1.7
Stealth        | |  1.7
Transmutations | |  0.8

Action                     |  1- 3 |  4- 6 |  7- 9 || total
---------------------------+-------+-------+-------++-------
  Melee: Spear             |    74 |    95 |     7 ||   176
         Unarmed           |     3 |       |       ||     3
         Hand axe          |       |       |    43 ||    43
         Tailslap          |       |       |     7 ||     7
   Cast: Sting             |    42 |    33 |     7 ||    82
         Olgreb's Toxic Ra |       |     6 |     4 ||    10
         Airstrike         |       |       |     5 ||     5
    Use: Potion            |       |     1 |     3 ||     4
         Scroll            |       |     5 |       ||     5
   Stab: Sleeping          |     4 |     4 |     1 ||     9
         Paralysed         |       |     4 |     2 ||     6
 Armour: Robe              |    23 |    19 |     7 ||    49
  Dodge: Dodged            |    49 |    63 |    22 ||   134

Table legend: (Time is in decaauts)
 A = Elapsed time spent in this place.
 B = Non-inter-level travel time spent in this place.
 C = Inter-level travel time spent in this place.
 D = Time resting spent in this place.
 E = Time spent auto-exploring this place.
 F = Levels seen in this place.
 G = Mean time per level.
                   A        B        C        D        E       F      G
               +--------+--------+--------+--------+--------+-----+--------+
         Total |   5442 |   5317 |    125 |    228 |   4337 |   7 |  777.4 |
       Dungeon |   5442 |   5317 |    125 |    228 |   4337 |   7 |  777.4 |
               +--------+--------+--------+--------+--------+-----+--------+

Top non-repeatable levels by time:
     D:6: 1072 daAuts
     D:1: 1023 daAuts
     D:4: 954 daAuts
     D:2: 910 daAuts
     D:3: 874 daAuts
     D:5: 556 daAuts
     D:7: 50 daAuts
